 Dungeon Crawl Stone Soup version 0.30.0-30-g96aa6591b8 (webtiles) character file.

Game seed: 495252841115608416

55839 GimliDwarf the Skirmisher (level 14, -5/109 HPs)
             Began as a Gnoll Wanderer on June 28, 2023.
             Was a High Priest of Okawaru.
             Slain by a merfolk impaler
             ... wielding a +3 trident of venom
              (9 damage)
             ... on level 1 of the Shoals.
             The game lasted 01:18:46 (24841 turns).

GimliDwarf the Skirmisher (Gnoll Wanderer)         Turns: 24841, Time: 01:18:47

Health: -5/109     AC: 21    Str:  7    XL:     14   Next: 79%
Magic:  19/27      EV: 24    Int: 13    God:    Okawaru [*****.]
Gold:   1201       SH:  0    Dex: 20    Spells: 2/32 levels left

rFire   . . .        j - +7 shortbow (drain)
rCold   + + +        (shield currently unavailable)
rNeg    . . .        c - +4 skin of Zhor {*Englaciate rC+++ SInv}
rPois   .            l - +2 helmet
rElec   .            S - +0 cloak of Truth {Stlth+}
rCorr   +            I - +1 pair of gloves
SInv    +            B - +0 pair of boots
Will    .....        w - amulet of the acrobat
Stlth   +++          k - +4 ring of protection
HPRegen 0.38/turn    N - ring of resist corrosion
MPRegen 0.20/turn

%: acrobat
@: lit by a corona, weak-willed, heroic, finesse-ful, spiked, glowing
A: fangs 1, strong nose, distributed training
a: Renounce Religion, Heroism, Finesse, Duel


You were on level 1 of the Shoals.
You worshipped Okawaru.
Okawaru was extremely pleased with you.
You visited 5 branches of the dungeon, and saw 19 of its levels.
You also visited: Sewer.

You collected 1681 gold pieces.
You spent 480 gold pieces at shops.

Inventory:

Hand Weapons
 j - a +7 shortbow of draining (weapon)
 r - a +4 scimitar of flaming
 s - a +2 demon whip of electrocution
 V - the +2 shortbow of the Eggplant {freeze, Will+ Str+3 Dex-3}
   (You found it on level 5 of the Lair of Beasts)

   Str:       It affects your strength (+3).
   Dex:       It affects your dexterity (-3).
   Will:      It increases your willpower.
 W - the +1 trident of the Butterfly {venom, rPois rC+ Dex+3}
   (You found it on level 5 of the Lair of Beasts)

   Dex:       It affects your dexterity (+3).
   rC:        It protects you from cold.
   rPois:     It protects you from poison.
Missiles
 a - 7 javelins
 g - a throwing net
 E - a silver boomerang
 G - 8 silver javelins
 K - 2 atropa-tipped darts
 U - 2 curare-tipped darts
Armour
 c - the +4 skin of Zhor (worn) {*Englaciate rC+++ SInv}
   (You found it on level 3 of the Lair of Beasts)

   *Englaciate: It radiates cold, occasionally slowing all nearby creatures who
   are not resistant to cold.
   rC:        It renders you almost immune to cold.
   SInv:      It lets you see invisible.
 l - a +2 helmet (worn)
 m - the +1 buckler of the Orb {rPois rF+ Str-2 SInv}
   (You found it on level 7 of the Dungeon)

   Str:       It affects your strength (-2).
   rF:        It protects you from fire.
   rPois:     It protects you from poison.
   SInv:      It lets you see invisible.
 o - +0 steam dragon scales
 u - a scarf of shadows
 B - a +0 pair of boots (worn)
 I - a +1 pair of gloves (worn)
 S - the +0 cloak of Truth (worn) {Stlth+}
   (Okawaru gifted it to you on level 3 of the Lair of Beasts)

   Stlth:     It makes you more stealthy.
Jewellery
 k - a +4 ring of protection (left hand)
 v - a ring of ice
 w - an amulet of the acrobat (around neck)
 N - a ring of resist corrosion (right hand)
Wands
 e - a wand of flame (46)
Scrolls
 d - 6 scrolls of teleportation
 F - a scroll of fog
 L - a scroll of blinking
 M - 2 scrolls of fear
 T - a scroll of poison
Potions
 f - 3 potions of brilliance
 h - 8 potions of curing
 i - 3 potions of haste
 n - a potion of berserk rage {unknown}
 p - 2 potions of might
 q - 3 potions of heal wounds
 t - 2 potions of flight
 x - 2 potions of lignification
 z - 2 potions of magic
 A - 2 potions of resistance
 C - 2 potions of cancellation
 H - 2 potions of mutation
 P - 9 potions of ambrosia
Miscellaneous
 J - a condenser vane
 Q - a lightning rod (4/4)


   Skills:
 + Level 9.9(14.9) Fighting
 + Level 9.9(14.9) Short Blades
 + Level 11.8(16.8) Long Blades
 + Level 9.9(14.9) Axes
 + Level 9.9(14.9) Maces & Flails
 + Level 9.9(14.9) Polearms
 + Level 9.9(14.9) Staves
 + Level 12.9(17.9) Ranged Weapons
 + Level 9.9(14.9) Throwing
 + Level 9.9(14.9) Armour
 + Level 11.8(16.8) Dodging
 + Level 9.9(14.9) Stealth
 + Level 9.9(14.9) Shields
 + Level 9.9(14.9) Unarmed Combat
 + Level 9.9 Spellcasting
 + Level 8.2 Conjurations
 + Level 8.2 Hexes
 + Level 8.2 Summonings
 + Level 8.2 Necromancy
 + Level 8.2 Translocations
 + Level 8.2 Transmutations
 + Level 8.2 Fire Magic
 + Level 8.2 Ice Magic
 + Level 8.2 Air Magic
 + Level 8.2 Earth Magic
 + Level 8.2 Poison Magic
 + Level 10.7 Invocations
 + Level 9.9 Evocations


You had 2 spell levels left.
You knew the following spells:

 Your Spells              Type           Power      Damage    Failure   Level
a - Yara's Violent Unrav  Hex/Tmut       13%        3d7       11%         5
b - Vampiric Draining     Necr           27%        2d7       1%          3
c - Frozen Ramparts       Ice            54%        1d9       1%          3
d - Arcjolt               Conj/Air       13%        1d23      11%         5
e - Borgnjor's Vile Clut  Necr/Erth      13%        N/A       11%         5
f - Agony                 Necr           27%        N/A       11%         5
g - Airstrike             Air            13%        2d(2-18)  3%          4

Your spell library contained the following spells:

 Spells                   Type           Power      Damage    Failure   Level
 Freeze                   Ice            100%       1d10      1%          1
 Necrotise                Necr           100%       1d9       1%          1
 Shock                    Conj/Air       100%       1d9       1%          1
 Hailstorm                Conj/Ice       27%        3d7       1%          3
 Swiftness                Air            27%        N/A       1%          3
 Vhi's Electric Charge    Tloc/Air       54%        N/A       1%          3
 Ice Form                 Ice/Tmut       27%        N/A       3%          4
 Passage of Golubria      Tloc           27%        N/A       3%          4
 Plasma Beam              Fire/Air       13%        2x1d27    50%         6
 Orb of Destruction       Conj           13%        9d7       97%         7
 Summon Guardian Golem    Hex/Summ       Unusable   N/A       N/A         3
 Tukima's Dance           Hex            Unusable   N/A       N/A         3
 Animate Dead             Necr           Unusable   N/A       N/A         4
 Summon Forest            Summ/Tloc      Unusable   N/A       N/A         5
 Summon Mana Viper        Hex/Summ       Unusable   N/A       N/A         5
 Death Channel            Necr           Unusable   N/A       N/A         6
 Simulacrum               Ice/Necr       Unusable   N/A       N/A         6
 Summon Cactus Giant      Summ           Unusable   N/A       N/A         6
 Spellforged Servitor     Conj/Summ      Unusable   N/A       N/A         7

Dungeon Overview and Level Annotations

Branches:
Dungeon (10/15)            Temple (1/1) D:5            Lair (5/5) D:9
 Shoals (1/4) Lair:3        Snake (0/4) Lair:2        Slime (0/5) Lair:4
    Orc (2/2) D:9             Elf (0/3) Orc:2         Sewer (visited)

Altars:
Ashenzari
Cheibriados
Dithmenos
Elyvilon
Fedhas
Gozag
Hepliaklqana
Kikubaaqudgha
Makhleb
Nemelex Xobeh
Okawaru
Qazlal
Ru
Sif Muna
Trog
Uskayaw
Vehumet
Wu Jian
Xom
Yredelemnul
Zin
The Shining One

Shops:
Orc:2 [:=?


Innate Abilities, Weirdness & Mutations

You have very sharp teeth.
Your uncanny sense of smell can sniff out nearby items.
Your experience applies equally to all skills.


Message History

The merfolk completely misses you. The merfolk impaler misses you.
The merfolk hits the plant with a +0 glaive!
Fire: j) +7 shortbow (drain)
Press: ? - help, Q - select action, (/) - cycle Shift-Dir - straight line, f/p - merfolk
Aim: a merfolk, wielding a +0 trident and quivering boomerangs (lightly wounded, slow, lightly drained, 74% to hit)
You shoot an arrow. The arrow hits the merfolk.
The merfolk is lightly wounded.
The manticore flicks its tail.
The volley of spikes hits you!
The barbed spikes become lodged in your body.
* * * LOW HITPOINT WARNING * * *
The merfolk closely misses you.
Fire: j) +7 shortbow (drain)
Press: ? - help, Q - select action, (/) - cycle Shift-Dir - straight line, f - manticore, p - merfolk
Aim: a manticore (slow, 83% to hit)
You shoot an arrow. The arrow hits the manticore!
You drain the manticore.
The manticore is moderately wounded.
The merfolk impaler hits you from afar with a +0 trident.
* * * LOW HITPOINT WARNING * * *
The merfolk impaler hits you from afar with a +3 trident of venom.
* * * LOW HITPOINT WARNING * * *
The merfolk hits you from afar with a +0 spear.
* * * LOW HITPOINT WARNING * * *
Unknown command.
Fire: j) +7 shortbow (drain)
Press: ? - help, Q - select action, (/) - cycle Shift-Dir - straight line, f/p - manticore
Aim: a manticore (moderately wounded, slow, lightly drained, 83% to hit)
You shoot an arrow. The arrow hits the manticore!
You drain the manticore.
The manticore is heavily wounded.
The merfolk barely misses you.
The merfolk impaler hits you from afar with a +0 trident.
* * * LOW HITPOINT WARNING * * *
Unknown command.
Fire: j) +7 shortbow (drain)
Press: ? - help, Q - select action, (/) - cycle Shift-Dir - straight line, f/p - manticore
Aim: a manticore (heavily wounded, slow, lightly drained, 83% to hit)
You shoot an arrow. The arrow hits the manticore.
The manticore is heavily wounded.
The merfolk impaler hits you from afar with a +3 trident of venom!
You die...

#.... .~~~≈≈
.... ..~~≈≈ ...
..~~≈≈
..###..~~~~
.......~~≈ .
#m...H~~~≈ .P.
##..(~~~~≈≈
~~...#..@~m≈≈≈≈≈
~....P..(≈≈≈≈≈≈≈
P~...Pmmmm≈≈≈≈≈≈
~~P~..m~)~≈≈≈≈≈≈
~~~~~~..~c≈≈≈≈≈≈
~~P~~~~~~~~~~≈≈≈
~~≈~P~≈~c~~~~≈≈~
~≈≈~~~~~~~~~~~~~
≈≈≈~~~~~~~~~~~~~


You could see 2 merfolk impalers, a merfolk aquamancer, 4 merfolk, 2 fauns and a
manticore (slow, drained).

Vanquished Creatures
  An orc warlord (Arena)
  2 dire elephants (Lair:5)
  Erolcha (Arena)
  Erica (D:10)
  3 hydras
  A boulder beetle (D:8)
  12 death yaks
  An orc high priest (Orc:2)
  A skyshark (Lair:4)
  Pikel (D:5)
  A lindwurm (Lair:5)
  A manticore (Shoals:1)
  3 fauns (Shoals:1)
  An oklob plant (Lair:2)
  10 orc sorcerers (Orc:2)
  5 black mambas
  2 elephants (Lair:5)
  A water nymph (Lair:3)
  A torpor snail (Lair:3)
  9 komodo dragons
  8 rime drakes
  6 cane toads
  A queen bee (Lair:2)
  A troll (D:10)
  2 merfolk
  A tyrant leech (Lair:5)
  A polar bear (Lair:5)
  8 blink frogs
  10 dream sheep (Lair:5)
  A snapping turtle (Shoals:1)
  6 wyverns
  A water elemental (Shoals:1)
  48 yaks
  2 steam dragons (D:7)
  Grum (D:5)
  4 basilisks
  3 vampire mosquitoes
  A warg (Orc:2)
  3 swamp worms (Lair:5)
  5 nagas (Lair:2)
  Duvessa (D:4)
  18 water moccasins
  An acid dragon (D:8)
  Pargi (Sewer)
  14 orc warriors
  A black bear (D:8)
  3 sky beasts
  3 swamp drakes
  2 ice beasts (D:7)
  7 centaurs
  10 ogres
  14 wolves
  A lemure (D:6)
  2 gnoll sergeants (D:5)
  A scorpion (D:4)
  12 bullfrogs
  Dowan (D:4)
  28 killer bees
  3 howler monkeys
  3 electric eels
  12 hounds
  2 jellies (D:6)
  2 sleepcaps
  12 orc priests
  4 gnoll boudas
  Jessica (D:2)
  4 iguanas
  28 orc wizards
  16 adders
  18 gnolls
  A river rat (D:3)
  A white imp (D:5)
  An ufetubus (D:6)
  3 worms
  3 dart slugs
  76 orcs
  6 ball pythons
  9 bats
  7 endoplasms
  6 giant cockroaches
  6 goblins
  9 hobgoblins
  17 jackals
  10 kobolds
  4 quokkas
  2 frilled lizards
  8 rats
565 creatures vanquished.

Vanquished Creatures (others)
  An orc (D:7)
1 creature vanquished.

Grand Total: 566 creatures vanquished

Notes
Turn   | Place    | Note
-------+----------+-------------------------------------------
     0 | D:1      | GimliDwarf the Gnoll Wanderer began the quest for the Orb.
     0 | D:1      | GimliDwarf set off with the following items: a +2 sling, a
                  | +0 falchion, a +0 cloak, a scroll of teleportation, a +0
                  | robe.
     0 | D:1      | Reached XP level 1. HP: 13/13 MP: 1/1
   165 | D:1      | Reached XP level 2. HP: 19/19 MP: 2/2
   227 | D:1      | Reached XP level 3. HP: 25/25 MP: 3/3
   597 | D:1      | Reached skill level 1 in Invocations
   692 | D:1      | Reached skill level 1 in Fighting
   692 | D:1      | Reached skill level 1 in Short Blades
   692 | D:1      | Reached skill level 1 in Axes
   692 | D:1      | Reached skill level 1 in Maces & Flails
   692 | D:1      | Reached skill level 1 in Polearms
   692 | D:1      | Reached skill level 1 in Staves
   692 | D:1      | Reached skill level 1 in Throwing
   692 | D:1      | Reached skill level 1 in Armour
   692 | D:1      | Reached skill level 1 in Stealth
   692 | D:1      | Reached skill level 1 in Shields
   692 | D:1      | Reached skill level 1 in Unarmed Combat
   692 | D:1      | Reached skill level 1 in Spellcasting
   692 | D:1      | Reached skill level 1 in Evocations
   907 | D:2      | Reached XP level 4. HP: 32/32 MP: 5/5
   922 | D:2      | Found a shadowy altar of Dithmenos.
  1012 | D:2      | Noticed Jessica
  1014 | D:2      | Killed Jessica
  1015 | D:2      | Reached skill level 1 in Conjurations
  1015 | D:2      | Reached skill level 1 in Hexes
  1015 | D:2      | Reached skill level 1 in Summonings
  1015 | D:2      | Reached skill level 1 in Necromancy
  1015 | D:2      | Reached skill level 1 in Translocations
  1015 | D:2      | Reached skill level 1 in Transmutations
  1015 | D:2      | Reached skill level 1 in Fire Magic
  1015 | D:2      | Reached skill level 1 in Ice Magic
  1015 | D:2      | Reached skill level 1 in Air Magic
  1015 | D:2      | Reached skill level 1 in Earth Magic
  1015 | D:2      | Reached skill level 1 in Poison Magic
  1135 | D:2      | Reached XP level 5. HP: 35/37 MP: 7/7
  1796 | D:3      | Found a glowing drain.
  1816 | Sewer    | Entered a sewer
  1957 | Sewer    | Noticed Pargi
  1977 | Sewer    | Killed Pargi
  1978 | Sewer    | Reached XP level 6. HP: 35/44 MP: 8/8
  2500 | D:3      | Found a glowing silver altar of Zin.
  2716 | D:3      | You fall into a shaft and drop 3 floors!
  2975 | D:5      | Entered Level 5 of the Dungeon
  2975 | D:5      | Noticed Pikel
  3107 | D:6      | Noticed a sky beast
  3124 | D:6      | Killed a sky beast
  3125 | D:6      | Reached XP level 7. HP: 51/51 MP: 10/10
  3242 | D:6      | Learned a level 1 spell: Necrotise
  3247 | D:5      | Found a staircase to the Ecumenical Temple.
  3255 | Temple   | Entered the Ecumenical Temple
  3568 | Temple   | Became a worshipper of Warmaster Okawaru
  3659 | D:6      | Reached skill level 9 in Ranged Weapons
  4431 | D:4      | Reached XP level 8. HP: 28/58 MP: 12/12
  4433 | D:4      | Noticed Duvessa
  4456 | D:4      | Reached * piety under Okawaru
  5127 | D:4      | Noticed Dowan
  5139 | D:4      | Killed Duvessa
  5142 | D:4      | Killed Dowan
  5335 | D:4      | Learned a level 3 spell: Vampiric Draining
  5715 | D:5      | Reached XP level 9. HP: 65/65 MP: 14/14
  5807 | D:5      | Killed Pikel
  5807 | D:5      | Reached ** piety under Okawaru
  5964 | D:5      | Noticed Grum
  5970 | D:5      | Killed Grum
  5971 | D:5      | Reached skill level 5 in Invocations
  6269 | D:5      | Found a burning altar of Makhleb.
  6697 | D:7      | Identified the +1 buckler of the Orb {rPois rF+ Str-2 SInv}
  6996 | D:7      | Reached *** piety under Okawaru
  7035 | D:7      | Reached skill level 5 in Fighting
  7035 | D:7      | Reached skill level 5 in Short Blades
  7035 | D:7      | Reached skill level 5 in Axes
  7035 | D:7      | Reached skill level 5 in Maces & Flails
  7035 | D:7      | Reached skill level 5 in Polearms
  7035 | D:7      | Reached skill level 5 in Staves
  7035 | D:7      | Reached skill level 5 in Throwing
  7035 | D:7      | Reached skill level 5 in Armour
  7035 | D:7      | Reached skill level 5 in Stealth
  7035 | D:7      | Reached skill level 5 in Shields
  7035 | D:7      | Reached skill level 5 in Unarmed Combat
  7035 | D:7      | Reached skill level 5 in Spellcasting
  7035 | D:7      | Reached skill level 5 in Evocations
  7035 | D:7      | Reached XP level 10. HP: 19/74 MP: 17/17
  7142 | D:7      | Reached skill level 10 in Ranged Weapons
  7659 | D:8      | Noticed a boulder beetle
  8082 | D:8      | Killed a boulder beetle
  8082 | D:8      | Reached **** piety under Okawaru
  8082 | D:8      | Received a gift from Okawaru
  8242 | D:8      | Found a radiant altar of Vehumet.
  8705 | D:8      | Learned a level 3 spell: Hailstorm
  9202 | D:9      | Found a staircase to the Orcish Mines.
  9263 | D:9      | Found a staircase to the Lair.
  9548 | D:9      | Found a snail-covered altar of Cheibriados.
  9745 | D:9      | Found a glowing golden altar of the Shining One.
  9746 | D:9      | Found an opulent altar of Gozag.
  9746 | D:9      | Found a bloodstained altar of Trog.
  9820 | D:9      | Found a shadowy altar of Dithmenos.
  9860 | D:10     | Entered Level 10 of the Dungeon
 10015 | D:10     | Reached skill level 5 in Conjurations
 10015 | D:10     | Reached skill level 5 in Hexes
 10015 | D:10     | Reached skill level 5 in Summonings
 10015 | D:10     | Reached skill level 5 in Necromancy
 10015 | D:10     | Reached skill level 5 in Translocations
 10015 | D:10     | Reached skill level 5 in Transmutations
 10015 | D:10     | Reached skill level 5 in Fire Magic
 10015 | D:10     | Reached skill level 5 in Ice Magic
 10015 | D:10     | Reached skill level 5 in Air Magic
 10015 | D:10     | Reached skill level 5 in Earth Magic
 10015 | D:10     | Reached skill level 5 in Poison Magic
 10015 | D:10     | Reached XP level 11. HP: 50/81 MP: 20/20
 10331 | D:10     | Received a gift from Okawaru
 10384 | D:10     | Noticed Erica
 10457 | D:10     | Killed Erica
 11003 | D:10     | Noticed a two-headed ogre
 11286 | Lair:1   | Entered Level 1 of the Lair of Beasts
 11333 | Lair:1   | Noticed an eight-headed hydra
 11358 | D:9      | Killed an eight-headed hydra
 11358 | D:9      | Reached ***** piety under Okawaru
 11882 | Lair:1   | Received a gift from Okawaru
 12719 | Lair:2   | Received a gift from Okawaru
 12896 | Lair:2   | Reached skill level 11 in Ranged Weapons
 13035 | Lair:2   | Received a gift from Okawaru
 13117 | Lair:2   | Found a staircase to the Snake Pit.
 13186 | Lair:2   | Reached XP level 12. HP: 71/91 MP: 22/22
 13823 | Lair:3   | Reached skill level 10 in Long Blades
 13823 | Lair:3   | Reached skill level 10 in Dodging
 14039 | Lair:3   | Identified the +0 cloak of Truth {Stlth+} (Okawaru gifted
                  | it to you on level 3 of the Lair of Beasts)
 14039 | Lair:3   | Received a gift from Okawaru
 14479 | Lair:3   | Found the +4 skin of Zhor {*Englaciate rC+++ SInv}
 14591 | Lair:3   | Learned a level 3 spell: Frozen Ramparts
 14597 | Lair:3   | Learned a level 5 spell: Arcjolt
 14816 | Lair:4   | Reached ****** piety under Okawaru
 15285 | Lair:4   | Noticed a skyshark
 15318 | Lair:4   | Found a glowing golden altar of the Shining One.
 15391 | Lair:4   | Reached XP level 13. HP: 98/98 MP: 25/25
 15414 | Lair:4   | Found a staircase to the Slime Pits.
 15888 | Lair:4   | Received a gift from Okawaru
 16147 | Lair:5   | Entered Level 5 of the Lair of Beasts
 16380 | Lair:5   | Received a gift from Okawaru
 16381 | Lair:5   | Reached skill level 12 in Ranged Weapons
 16812 | Lair:5   | Identified the +1 helmet of the Kissing Gods {rC+ rCorr
                  | Dex-5} (Okawaru gifted it to you on level 5 of the Lair of
                  | Beasts)
 16812 | Lair:5   | Received a gift from Okawaru
 16968 | Lair:5   | Identified the +2 shortbow of the Eggplant {freeze, Will+
                  | Str+3 Dex-3}
 17791 | Lair:5   | Identified the +1 trident of the Butterfly {venom, rPois
                  | rC+ Dex+3}
 18555 | Lair:5   | Reached skill level 10 in Invocations
 18555 | Lair:5   | Reached XP level 14. HP: 108/108 MP: 21/27
 18635 | Lair:5   | Noticed a dire elephant
 18973 | Lair:5   | Learned a level 5 spell: Borgnjor's Vile Clutch
 18979 | Lair:5   | Learned a level 5 spell: Agony
 19211 | Lair:5   | Killed a dire elephant
 19974 | Lair:5   | Noticed a dire elephant
 20433 | Lair:5   | Killed a dire elephant
 20482 | Lair:5   | Received a gift from Okawaru
 21176 | Orc:1    | Entered Level 1 of the Orcish Mines
 21451 | Orc:2    | Entered Level 2 of the Orcish Mines
 21821 | Orc:2    | Received a gift from Okawaru
 21928 | Orc:2    | Learned a level 4 spell: Airstrike
 21935 | Orc:2    | Learned a level 5 spell: Yara's Violent Unravelling
 22170 | Orc:2    | Found a radiant altar of Vehumet.
 22172 | Orc:2    | Noticed Erolcha
 22184 | Arena    | Entered the Arena
 22191 | Arena    | Killed Erolcha
 22559 | Orc:2    | Paralysed by an orc sorcerer for 4 turns
 22795 | Orc:2    | Noticed an orc warlord
 22800 | Arena    | Entered the Arena
 22813 | Arena    | Killed an orc warlord
 23373 | Orc:2    | Found a staircase to the Elven Halls.
 23746 | Orc:2    | Found Xoemp's Book Emporium.
 23772 | Orc:2    | Received a gift from Okawaru
 23815 | Orc:2    | Found an ancient bone altar of Kikubaaqudgha.
 23848 | Orc:2    | Found Jaoget Jeoj's Jewellery Emporium.
 23855 | Orc:2    | Found Ohutir's Magic Scroll Shoppe.
 23867 | Orc:2    | Bought 3 scrolls of enchant weapon for 360 gold pieces
 23867 | Orc:2    | Bought a scroll of enchant weapon for 120 gold pieces
 23916 | Orc:2    | Found Geankeed's Antique Armour Shoppe.
 24159 | Shoals:1 | Entered Level 1 of the Shoals
 24840 | Shoals:1 | HP: 4/109 [merfolk impaler/+0 trident (4)]
 24841 | Shoals:1 | Slain by a merfolk impaler

Illustrated notes

Levels and vault maps discovered:
D:1:      giann_wishing_wells, layout_basic, minmay_hexomino_c4
D:2:      layout_loops_ring, basic_altar, ebering_dispersal_statue_hall,
          kennysheep_doodads, kennysheep_generic_room_15, uniq_jessica
D:3:      layout_basic, zin_scriptorium, portal_sewer_entry_b
D:4:      layout_rooms, kennysheep_another_room, uniq_duvessa
D:5:      layout_cave_pools, makhleb_blood_cavern_becter,
          minmay_temple_entry_from_below_b, serial_gnoll_camp,
          gnoll_camp_huts_basic, gnoll_camp_mini_house, gnoll_camp_mini_basic,
          grums_kennel, uniq_pikel
D:6:      nicolae_cairo_tiling_large_dashed, layout_basic
D:7:      layout_loops_ring
D:8:      layout_basic, nicolae_vehumet_radiance, chequers_serial_rivers_large_b
D:9:      layout_loops_corners, gammafunk_temple_overflow_forgotten,
          mainiacjoe_overflow_alcove_1, cheibrodos_worm_habitat,
          hiddenorc1_lemuel
D:10:     layout_cave_pods, uniq_erica
Temple:   minmay_temple_curvy_branch
Lair:1:   layout_regular_city, pond, grunt_megastairs_2, serial_bayou_shore_a,
          infiniplex_staircase_pool_2
Lair:2:   layout_roguey [special_room_bee], minmay_snake_entry_guardpost_large
Lair:3:   layout_regular_city, nicolae_shoals_entry_flooding,
          hellmonk_guarded_unrand_zhor
Lair:4:   layout_gridlike, dpeg_slime_entry_enclosed, st_stairs_10,
          lemuel_centaur_altar
Lair:5:   hangedman_lair_in_review, layout_regular_city, columned_hall_lemuel,
          serial_bayou_lagoon_a, worms_lemuel
Shoals:1: layout_shoals, hangedman_shoal_volcano
Orc:1:    layout_caves
Orc:2:    kennysheep_orc_mage_school, layout_caves

Skill      XL: |  1  2  3  4  5  6  7  8  9 10 11 12 13 14 |
---------------+-------------------------------------------+-----
Invocations    | 1 2 3 4 5 6 7 8 10 | 10.7
Fighting       | 1 2 3 5 6 7 8 9 |  9.9
Short Blades   | 1 2 3 5 6 7 8 9 |  9.9
Axes           | 1 2 3 5 6 7 8 9 |  9.9
Maces & Flails | 1 2 3 5 6 7 8 9 |  9.9
Polearms       | 1 2 3 5 6 7 8 9 |  9.9
Staves         | 1 2 3 5 6 7 8 9 |  9.9
Throwing       | 1 2 3 5 6 7 8 9 |  9.9
Armour         | 1 2 3 5 6 7 8 9 |  9.9
Stealth        | 1 2 3 5 6 7 8 9 |  9.9
Shields        | 1 2 3 5 6 7 8 9 |  9.9
Unarmed Combat | 1 2 3 5 6 7 8 9 |  9.9
Spellcasting   | 1 2 3 5 6 7 8 9 |  9.9
Evocations     | 1 2 3 5 6 7 8 9 |  9.9
Conjurations   | 1 2 3 4 5 6 7 8 |  8.2
Hexes          | 1 2 3 4 5 6 7 8 |  8.2
Summonings     | 1 2 3 4 5 6 7 8 |  8.2
Necromancy     | 1 2 3 4 5 6 7 8 |  8.2
Translocations | 1 2 3 4 5 6 7 8 |  8.2
Transmutations | 1 2 3 4 5 6 7 8 |  8.2
Fire Magic     | 1 2 3 4 5 6 7 8 |  8.2
Ice Magic      | 1 2 3 4 5 6 7 8 |  8.2
Air Magic      | 1 2 3 4 5 6 7 8 |  8.2
Earth Magic    | 1 2 3 4 5 6 7 8 |  8.2
Poison Magic   | 1 2 3 4 5 6 7 8 |  8.2
Long Blades    | 7 8 9 10 11 | 11.8
Dodging        | 7 8 9 10 11 | 11.8
Ranged Weapons | 9 10 11 12 | 12.9

Action                     |  1- 3 |  4- 6 |  7- 9 | 10-12 | 13-15 || total
---------------------------+-------+-------+-------+-------+-------++-------
  Melee: Demon whip        |       |       |    10 |    16 |       ||    26
         Quarterstaff      |       |       |       |    18 |       ||    18
         Bite              |       |       |       |     3 |       ||     3
   Fire: Sling             |    59 |       |       |       |       ||    59
         Shortbow          |    30 |   122 |   355 |   839 |  1104 ||  2450
   Cast: Vampiric Draining |       |       |       |     6 |     9 ||    15
         Hailstorm         |       |       |       |     2 |     1 ||     3
         Frozen Ramparts   |       |       |       |       |    22 ||    22
         Borgnjor's Vile C |       |       |       |       |    15 ||    15
         Airstrike         |       |       |       |       |     9 ||     9
         Agony             |       |       |       |       |     3 ||     3
         Yara's Violent Un |       |       |       |       |     3 ||     3
         Arcjolt           |       |       |       |       |     3 ||     3
 Invoke: Heroism           |       |       |       |       |     2 ||     2
         Finesse           |       |       |       |       |     2 ||     2
         Duel              |       |       |       |       |     2 ||     2
  Evoke: Wand              |       |       |     5 |     3 |     5 ||    13
         Condenser vane    |       |       |       |     1 |       ||     1
         Lightning rod     |       |       |       |       |     3 ||     3
    Use: Scroll            |       |    10 |    13 |     9 |    13 ||    45
         Potion            |       |       |       |     4 |     5 ||     9
 Armour: Robe              |     4 |     5 |       |       |       ||     9
         Leather armour    |       |    24 |    98 |     4 |       ||   126
         Steam dragon scal |       |       |       |   152 |       ||   152
         Skin              |       |       |       |    25 |       ||    25
         Animal skin       |       |       |       |     7 |   210 ||   217
  Dodge: Dodged            |    18 |    64 |   237 |   517 |   563 ||  1399
